 Dungeon Crawl Stone Soup version 0.30-a0-721-ga6a225cb13 (webtiles) character file.

Game seed: 13121935511127126781

95 M4edhros the Shooter (level 4, 0/28 HPs)
             Began as an Octopode Hexslinger on Jan 27, 2023.
             Slain by Grinder (1 damage)
             ... while paralysed by Grinder
             ... on level 4 of the Dungeon.
             The game lasted 00:01:42 (1280 turns).

M4edhros the Shooter (Octopode Hexslinger)          Turns: 1280, Time: 00:01:43

Health: 0/28       AC:  1    Str:  9    XL:     4   Next: 65%
Magic:  5/5        EV:  2    Int: 15    God:
Gold:   95         SH:  0    Dex: 14    Spells: 4/5 levels left

rFire   . . .      SeeInvis .    a - +1 sling
rCold   . . .      Faith    .    (no shield)
rNeg    . . .      Spirit   .    (helmet restricted)
rPois   .          Reflect  .    (no amulet)
rElec   .          Harm     .    f - ring of resist corrosion
rCorr   +          Rampage  .    (no ring)
Will    .....                    (no ring)
Stlth   ++                       (no ring)
HPRegen 0.24/turn                (no ring)
MPRegen 0.09/turn                (no ring)
                                 (no ring)
                                 (no ring)

@: paralysed
A: almost no armour, amphibious, 8 rings, camouflage 1, gelatinous body 1,
(nimble swimmer 1), tentacles
a: no special abilities


You were on level 4 of the Dungeon.
You visited 1 branch of the dungeon, and saw 4 of its levels.

You collected 95 gold pieces.

Inventory:

Hand Weapons
 a - a +1 sling (weapon)
Jewellery
 f - a ring of resist corrosion (left tentacle)
Scrolls
 b - a scroll of poison
 d - a scroll of silence {unknown}
 e - a scroll of identify {unknown}
 g - a scroll of enchant armour {unknown}
 l - 2 scrolls of teleportation {unknown}
Potions
 c - 4 potions of heal wounds {unknown}
 h - 2 potions of resistance {unknown}
 i - 2 potions of attraction {unknown}
 j - 2 potions of curing
 k - a potion of invisibility {unknown}
 m - a potion of brilliance {unknown}


   Skills:
 - Level 1.0 Fighting
 + Level 4.7 Ranged Weapons
 - Level 2.0 Dodging
 - Level 1.0 Spellcasting
 - Level 3.0 Hexes


You had 4 spell levels left.
You knew the following spells:

 Your Spells              Type           Power      Damage    Failure   Level
a - Slow                  Hex            36%        N/A       7%          1

Your spell library contained the following spells:

 Spells                   Type           Power      Damage    Failure   Level
 Inner Flame              Hex/Fire       5%         N/A       36%         3
 Portal Projectile        Hex/Tloc       10%        N/A       36%         3
 Cause Fear               Hex            4%         N/A       56%         4


Dungeon Overview and Level Annotations

Branches:
Dungeon (4/15)
 Temple: D:4-7

Altars:
Fedhas
Kikubaaqudgha

Annotations:
D:4 Grinder


Innate Abilities, Weirdness & Mutations

You cannot wear most types of armour.
You are amphibious.
You can wear up to eight rings at the same time.
Your skin changes colour to match your surroundings (Stealth+).
Your rubbery body absorbs attacks. (AC +1, EV +1)
((You are camouflaged when in or above water. (Stealth+)))
You have tentacles for arms and can constrict up to eight enemies at once.


Message History

Grinder is heavily wounded.
You constrict Grinder. Grinder hits you.
You writhe in agony.
You tentacle-slap Grinder but do no damage.
Grinder is heavily wounded.
You constrict Grinder. Grinder misses you.
You tentacle-slap Grinder but do no damage.
Grinder is severely wounded.
You constrict Grinder, but do no damage.
Grinder hits you.
You tentacle-slap Grinder but do no damage.
You squeeze Grinder.
Grinder is severely wounded.
You constrict Grinder.
Grinder blinks free!
a - a +1 sling (weapon)
You shoot a sling bullet. The sling bullet hits Grinder.
Grinder is severely wounded.
Grinder gestures at you. Pain shoots through your body!
You are too injured to fight recklessly!
Fire: a) +1 sling
Press: ? - help, Q - select action, (/) - cycle Shift-Dir - straight line, f/p - Grinder
Aim: Grinder (severely wounded, 55% to hit)
You shoot a sling bullet.
The sling bullet completely misses Grinder.
Grinder says, "Wait up."
Fire: a) +1 sling
Press: ? - help, Q - select action, (/) - cycle Shift-Dir - straight line, f/p - Grinder
Aim: Grinder (severely wounded, 55% to hit)
You shoot a sling bullet. The sling bullet hits Grinder.
Grinder is almost dead.
Grinder grins, showing sharp teeth.
Grinder gestures at you.
You suddenly lose the ability to move!
Grinder says, "Don't move a muscle."
Grinder hits you!
* * * LOW HITPOINT WARNING * * *
You writhe in agony.
* * * LOW HITPOINT WARNING * * *
Grinder hits you.
You die...

#...... .##
#...... ##..#
....... ....
.......#...##
............
..........#
#...$..#
#...@# #...5#
#....#
#....##
#.#.#.....###
............#
.#.###.....#
#.##.....## #
#.....##


You could see Grinder.

Vanquished Creatures
  5 adders
  A dart slug (D:2)
  2 ball pythons
  A bat (D:1)
  6 endoplasms
  4 giant cockroaches
  A goblin (D:2)
  5 hobgoblins
  8 jackals
  3 kobolds
  2 frilled lizards
  6 rats
44 creatures vanquished.

Notes
Turn   | Place    | Note
-------+----------+-------------------------------------------
     0 | D:1      | M4edhros the Octopode Hexslinger began the quest for the
                  | Orb.
     0 | D:1      | Reached XP level 1. HP: 13/13 MP: 2/2
    72 | D:1      | Reached XP level 2. HP: 18/18 MP: 3/3
   216 | D:2      | Reached skill level 3 in Ranged Weapons
   401 | D:2      | Reached XP level 3. HP: 20/23 MP: 4/4
   722 | D:3      | Reached skill level 4 in Ranged Weapons
   771 | D:3      | Reached XP level 4. HP: 23/28 MP: 5/5
   925 | D:3      | Found an ancient bone altar of Kikubaaqudgha.
   929 | D:3      | Found a blossoming altar of Fedhas.
  1263 | D:4      | Noticed Grinder
  1277 | D:4      | Paralysed by Grinder for 5 turns
  1279 | D:4      | HP: 1/28 [Grinder (5)]
  1280 | D:4      | Slain by Grinder

Illustrated notes

Levels and vault maps discovered:
D:1:      wheals_arrival_shading, layout_basic, minmay_misc_feat_x
D:2:      layout_rooms, kennysheep_flooded_box
D:3:      layout_basic, grunt_temple_overflow_growth_and_decay,
          nzn_wu_jian_council_hall, gammafunk_temple_overflow_elements,
          minmay_cut_off
D:4:      layout_cave_pools, nicolae_ru_sacrificial_ziggurat,
          minmay_temple_entry_enclosed_plants, uniq_grinder

Skill      XL: |  1  2  3 |
---------------+----------+-----
Ranged Weapons | 3 4 |  4.7
Fighting       | |  1.0
Dodging        | |  2.0
Spellcasting   | |  1.0
Hexes          | |  3.0

Action                     |  1- 3 |  4- 6 || total
---------------------------+-------+-------++-------
  Melee: Unarmed           |     5 |     4 ||     9
         Tentacles         |     2 |     1 ||     3
         Constrict         |     1 |     1 ||     2
   Fire: Sling             |   101 |    60 ||   161
   Cast: Slow              |     1 |       ||     1
    Use: Potion            |     2 |       ||     2
 Armour: Skin              |     3 |     2 ||     5
  Dodge: Dodged            |    54 |    20 ||    74

Table legend: (Time is in decaauts)
 A = Elapsed time spent in this place.
 B = Non-inter-level travel time spent in this place.
 C = Inter-level travel time spent in this place.
 D = Time resting spent in this place.
 E = Time spent auto-exploring this place.
 F = Levels seen in this place.
 G = Mean time per level.
                   A        B        C        D        E       F      G
               +--------+--------+--------+--------+--------+-----+--------+
         Total |   1312 |   1253 |     59 |    106 |    864 |   4 |  328.0 |
       Dungeon |   1312 |   1253 |     59 |    106 |    864 |   4 |  328.0 |
               +--------+--------+--------+--------+--------+-----+--------+

Top non-repeatable levels by time:
     D:2: 530 daAuts
     D:3: 474 daAuts
     D:1: 190 daAuts
     D:4: 117 daAuts
